 Dungeon Crawl Stone Soup version 0.30.1-11-g7821555f0a (webtiles) character file.

Game seed: 4258864056995418234

7074 SacredBeard the Reanimator (level 10, -1/83 HPs)
             Began as a Demonspawn Necromancer on Nov 4, 2023.
             Slain by a yak (9 damage)
             ... on level 8 of the Dungeon.
             The game lasted 00:32:18 (10680 turns).

SacredBeard the Reanimator (DsNe)                  Turns: 10680, Time: 00:32:18

Health: -1/83      AC: 12    Str: 12    XL:     10   Next: 84%
Magic:  0/22       EV: 12    Int: 16    God:
Gold:   516        SH:  4    Dex: 17    Spells: 8/25 levels left

rFire   . . .        z - +8 dagger of the Forging Jester {drain, Str+2}
rCold   + . .        (no shield)
rNeg    . . .        h - +0 leather armour
rPois   .            B - +1 hat
rElec   .            s - +0 cloak
rCorr   .            (no gloves)
SInv    .            t - +0 pair of boots
Will    .....        p - amulet of guardian spirit
Stlth   ++           l - ring of wizardry
HPRegen 0.33/turn    O - ring of protection from cold
MPRegen 0.18/turn

%: guardian spirit, wizardry (x1)
@: no status effects
A: yellow scales 1, icemail 1, powered by pain 1, condensation shield
a: no special abilities


You were on level 8 of the Dungeon.
You visited 2 branches of the dungeon, and saw 9 of its levels.

You collected 516 gold pieces.

Inventory:

Hand Weapons
 j - a +0 spear
 q - a +1 dagger of electrocution
 z - the +8 dagger of the Forging Jester (weapon) {drain, Str+2}
   (You found it on level 4 of the Dungeon)

   Str:       It affects your strength (+2).
Missiles
 m - 36 poisoned darts
 A - a curare-tipped dart
 J - 4 silver javelins
Armour
 h - a +0 leather armour (worn)
 s - a +0 cloak (worn)
 t - a +0 pair of boots (worn)
 B - a +1 hat (worn)
 E - a +0 tower shield
 L - a +0 plate armour
 M - a +0 plate armour
 T - a +0 helmet
Jewellery
 e - a ring of poison resistance
 l - a ring of wizardry (left hand)
 p - an amulet of guardian spirit (around neck)
 O - a ring of protection from cold (right hand)
 R - an amulet of reflection
 U - a ring of wizardry
Wands
 w - a wand of iceblast (12)
 C - a wand of paralysis (6)
 D - a wand of quicksilver (9)
 F - a wand of digging (6)
Scrolls
 f - 5 scrolls of teleportation
 g - a scroll of fear {unknown}
 i - 4 scrolls of magic mapping
 k - a scroll of silence {unknown}
 n - 3 scrolls of noise
 o - 3 scrolls of vulnerability
 y - a scroll of torment {unknown}
 I - a scroll of butterflies {unknown}
 K - a scroll of fog {unknown}
 N - a scroll of immolation {unknown}
 P - 3 scrolls of enchant armour
 Q - a scroll of poison {unknown}
 S - a scroll of blinking {unknown}
Potions
 a - 3 potions of haste
 b - a potion of magic
 c - 2 potions of lignification
 d - 5 potions of curing
 r - 3 potions of mutation
 u - a potion of might {unknown}
 v - a potion of brilliance {unknown}
 x - 2 potions of attraction
 G - a potion of cancellation {unknown}
 H - a potion of heal wounds {unknown}
 V - a potion of resistance {unknown}
 W - a potion of flight {unknown}


   Skills:
 + Level 9.6 Fighting
 - Level 2.0 Throwing
 - Level 2.0 Armour
 - Level 2.0 Dodging
 - Level 3.0 Stealth
 - Level 8.0 Spellcasting
 * Level 4.4 Summonings
 - Level 10.0 Necromancy
 - Level 3.0 Evocations


You had 8 spell levels left.
You knew the following spells:

 Your Spells              Type           Power      Damage    Failure   Level
a - Necrotise             Necr           100%       1d9       1%          1
b - Animate Dead          Necr           38%        N/A       1%          4
c - Agony                 Necr           38%        N/A       2%          5
d - Summon Hydra          Summ           10%        N/A       99%         7

Your spell library contained the following spells:

 Spells                   Type           Power      Damage    Failure   Level
 Summon Small Mammal      Summ           80%        N/A       1%          1
 Sublimation of Blood     Necr           38%        N/A       1%          2
 Vampiric Draining        Necr           38%        2d8       1%          3
 Cigotuvi's Dreadful Rot  Necr/Pois/Air  34%        N/A       2%          2
 Apportation              Tloc           12%        N/A       6%          1
 Ensorcelled Hibernation  Hex/Ice        12%        N/A       9%          2
 Passwall                 Tmut/Erth      5%         N/A       9%          2
 Wereblood                Tmut           6%         N/A       9%          2
 Ignite Poison            Fire/Tmut/Pois 6%         N/A       16%         3
 Inner Flame              Hex/Fire       6%         N/A       16%         3
 Swiftness                Air            6%         N/A       16%         3
 Freezing Cloud           Conj/Ice/Air   3%         6-21      80%         5
 Yara's Violent Unravell  Hex/Tmut       3%         3d4       80%         5
 Enfeeble                 Hex            3%         N/A       100%        7


Dungeon Overview and Level Annotations

Branches:
Dungeon (8/15) Zot: 24997  Temple (1/1) D:6 Zot: 5891    Lair (0/5) D:8

Altars:
Ashenzari
Cheibriados
Hepliaklqana
Kikubaaqudgha
Nemelex Xobeh
Okawaru
Qazlal
Ru
Sif Muna
Uskayaw
Xom

Shops:
D:4 :   D:5 *


Innate Abilities, Weirdness & Mutations

You are partially covered in yellow scales. (AC +2)
A meltable icy envelope protects you from harm. (AC +4)
You sometimes gain a little power by taking damage.
A meltable shield of frost defends you. (SH +4)


Message History

The yak is severely wounded.
You hit the yak.
The yak is heavily wounded.
You hit the yak.
The yak is heavily wounded.
You puncture the yak!
The yak is severely wounded.
The yak gores you!
* * * LOW HITPOINT WARNING * * *
You hit the yak.
The yak is almost dead.
The yak seems less drained. x2; The yak barely misses you.
You hit the yak but do no damage.
The yak is almost dead.
The yak gores you.
* * * LOW HITPOINT WARNING * * *
You block the yak's attack. The yak gores you but does no damage.
You barely miss the yak.
The yak is almost dead.
The yak closely misses you. x2; The yak barely misses you.
You barely miss the yak.
The yak is almost dead.
The yak gores you but does no damage. The yak gores you!
* * * LOW HITPOINT WARNING * * *
The yak misses you.
You hit the yak.
The yak is almost dead.
The yak gores you.
* * * LOW HITPOINT WARNING * * *
The yak gores you!
* * * LOW HITPOINT WARNING * * *
The yak gores you.
* * * LOW HITPOINT WARNING * * *
You feel better. The yak completely misses you. The yak barely misses you.
The yak gores you.
* * * LOW HITPOINT WARNING * * *
You barely miss the yak.
The yak is almost dead.
The yak gores you!
You die...

...........'..>....#....#......#
..##.......#.......#...##......#
..##.......#.......#############
...#.......'.......#
...'.......#.......#
...#.......#.......#
..####...#.........# # ###
#...#######Y###...# #....
#Y@Y..$... #....# #.........
#.... #......... #.........
#......... ##########


You could see 3 yaks.

Vanquished Creatures
  A hydra (D:8)
  Grinder (D:4)
  3 slime creatures (D:5)
  2 dream sheep (D:8)
  A wyvern (D:8)
  8 yaks (D:8)
  A basilisk (D:8)
  A wraith (D:6)
  6 water moccasins
  A black bear (D:6)
  4 ogres
  A centaur (D:6)
  A phantom (D:5)
  7 kobold brigands
  5 bullfrogs
  2 gnoll sergeants
  2 scorpions
  4 wights (D:6)
  5 killer bees (D:7)
  3 electric eels (D:6)
  5 howler monkeys (D:8)
  5 hounds
  7 jellies
  Crazy Yiuf (D:7)
  A gnoll bouda (D:5)
  4 iguanas
  3 orc wizards
  11 gnolls
  6 adders
  A shadow imp (D:6)
  2 white imps
  2 ufetubi
  2 worms (D:2)
  2 dart slugs
  26 orcs
  9 endoplasms
  6 giant cockroaches
  2 goblins
  7 hobgoblins
  A jackal (D:4)
  2 quokkas
  8 ball pythons
  2 bats
  5 frilled lizards (D:1)
  4 kobolds
  2 rats
185 creatures vanquished.

Vanquished Creatures (collateral kills)
  A jackal (D:4)
1 creature vanquished.

Vanquished Creatures (others)
  4 yak zombies (D:8)
4 creatures vanquished.

Grand Total: 190 creatures vanquished

Notes
Turn   | Place    | Note
-------+----------+-------------------------------------------
     0 | D:1      | SacredBeard the Demonspawn Necromancer began the quest for
                  | the Orb.
     0 | D:1      | Reached XP level 1. HP: 13/13 MP: 3/3
   426 | D:1      | Gained mutation: A meltable shield of frost defends you.
                  | (SH +4) [demonic ancestry]
   426 | D:1      | Reached XP level 2. HP: 19/19 MP: 1/5
  1373 | D:2      | Reached skill level 1 in Armour
  1373 | D:2      | Reached XP level 3. HP: 25/25 MP: 3/6
  2091 | D:3      | Reached skill level 1 in Fighting
  2308 | D:3      | Found a shimmering altar of Xom.
  2533 | D:3      | Gained mutation: A meltable icy envelope protects you from
                  | harm. (AC +4) [demonic ancestry]
  2533 | D:3      | Reached XP level 4. HP: 32/32 MP: 5/7
  2662 | D:4      | Found Soes's Book Emporium.
  2707 | D:4      | Reached skill level 5 in Necromancy
  2760 | D:4      | Noticed Grinder
  2766 | D:4      | Paralysed by Grinder for 4 turns
  2773 | D:4      | Found a broken altar of Ashenzari.
  2811 | D:4      | Killed Grinder
  2812 | D:4      | Reached skill level 1 in Throwing
  2812 | D:4      | Reached XP level 5. HP: 10/38 MP: 3/9
  2812 | D:4      | Reached XP level 6. HP: 11/44 MP: 3/10
  3393 | D:4      | Reached skill level 6 in Necromancy
  3694 | D:4      | Identified the +8 dagger of the Forging Jester {drain,
                  | Str+2}
  4130 | D:5      | Entered Level 5 of the Dungeon
  4181 | D:5      | Reached XP level 7. HP: 26/51 MP: 1/11
  4310 | D:5      | Reached skill level 7 in Necromancy
  4386 | D:5      | Noticed a slime creature
  4386 | D:5      | Noticed a slime creature
  4386 | D:5      | Noticed a slime creature
  4405 | D:5      | Killed a slime creature
  4406 | D:5      | Reached skill level 5 in Spellcasting
  4528 | D:5      | Killed a slime creature
  4529 | D:5      | Gained mutation: You are partially covered in yellow
                  | scales. (AC +2) [demonic ancestry]
  4529 | D:5      | Reached XP level 8. HP: 45/58 MP: 11/16
  4625 | D:5      | Killed a slime creature
  4835 | D:5      | Found a snail-covered altar of Cheibriados.
  4876 | D:5      | Reached skill level 1 in Evocations
  5658 | D:5      | Gained mutation: You sometimes gain a little power by
                  | taking damage. [demonic ancestry]
  5658 | D:5      | Reached XP level 9. HP: 40/63 MP: 8/21
  5766 | D:5      | Found Lisomad's Serpentskin Sales.
  6457 | D:6      | Reached skill level 8 in Necromancy
  6599 | D:6      | Found a staircase to the Ecumenical Temple.
  6653 | D:6      | Reached skill level 5 in Fighting
  7370 | Temple   | Entered the Ecumenical Temple
  8045 | D:7      | Reached skill level 9 in Necromancy
  8541 | D:7      | Found a runed translucent door.
  8542 | D:7      | Noticed Crazy Yiuf
  8548 | D:7      | Killed Crazy Yiuf
  8790 | D:8      | Reached XP level 10. HP: 31/77 MP: 16/22
  8998 | D:8      | Noticed a two-headed hydra
  9390 | D:8      | Noticed a red ugly thing
  9407 | D:8      | Reached skill level 10 in Necromancy
  9904 | D:8      | Killed a two-headed hydra
 10179 | D:8      | Learned a level 4 spell: Animate Dead
 10185 | D:8      | Learned a level 5 spell: Agony
 10280 | D:8      | Reached skill level 1 in Summonings
 10528 | D:8      | Learned a level 7 spell: Summon Hydra
 10575 | D:8      | Found a staircase to the Lair.
 10678 | D:8      | HP: 4/83 [yak (7)]
 10680 | D:8      | Slain by a yak

Illustrated notes

Levels and vault maps discovered:
D:1:      lightli_arrival_windingriver, layout_loops_ring, minivault_11,
          minmay_pentomino_z2
D:2:      layout_basic, columned_hall_lemuel
D:3:      layout_rooms, mainiacjoe_overflow_concentric_impassable
D:4:      layout_cave_pods, ashenzari_altar_1, serial_shops,
          nicolae_diamond_shop, uniq_grinder
D:5:      cheibrodos_fertilizer, layout_loops_cross, cheibriados_altar_1,
          minmay_misc_feat_pillars, hangedman_decor_growths, guppyfry_shop_venom
D:6:      wad_lake_hut, layout_basic, minmay_temple_entry_stoned_glass,
          serial_curves, eino_curves_03, eino_curves_04,
          minmay_misc_feat_four_crosses, minmay_strange_pillars
D:7:      layout_loops_ring, minivault_23, uniq_crazy_yiuf_cottage
D:8:      layout_gridville, minmay_lair_entry_grove,
          hangedman_decor_peaks_small, hangedman_ranch
Temple:   kb_temple_of_zot

Skill      XL: |  1  2  3  4  5  6  7  8  9 10 |
---------------+-------------------------------+-----
Stealth        | 2 3 |  3.0
Dodging        | 2 |  2.0
Armour         | 1 2 |  2.0
Fighting       | 1 2 3 6 9 |  9.6
Necromancy     | 5 6 7 9 10 | 10.0
Throwing       | 1 2 |  2.0
Spellcasting   | 3 5 8 |  8.0
Evocations     | 3 |  3.0
Summonings     | 4 |  4.4

Action                     |  1- 3 |  4- 6 |  7- 9 | 10-12 || total
---------------------------+-------+-------+-------+-------++-------
  Melee: Spear             |    17 |       |       |       ||    17
         Unarmed           |    16 |       |       |       ||    16
         Dagger            |    16 |    37 |   219 |   125 ||   397
         Punch             |       |       |     2 |     4 ||     6
  Throw: Dart              |       |    12 |       |       ||    12
   Cast: Necrotise         |    67 |    55 |   151 |    88 ||   361
         Animate Dead      |       |       |       |     1 ||     1
    Use: Scroll            |       |       |       |    12 ||    12
         Potion            |       |       |       |     1 ||     1
   Stab: Sleeping          |     1 |       |     1 |       ||     2
         Distracted        |       |       |       |     2 ||     2
 Armour: Leather armour    |    14 |    17 |    58 |    75 ||   164
  Dodge: Dodged            |    22 |    31 |   117 |   102 ||   272
  Block: Other             |     6 |     6 |    37 |    31 ||    80
